 Dungeon Sprint DCSS version 0.29-a0-418-gc0181ea820 (webtiles) character file.

Game seed: 1958722745640954912

4100000 Zeld the Intangible (level 19, -14/174 HPs)
             Began as a Djinni Monk on May 17, 2022.
             Was the Champion of Makhleb.
             Demolished by a meat berserker
             ... wielding a +9 battleaxe
              (74 damage)
             ... in the Dungeon (Sprint VIII: "Arena of Blood").
             The game lasted 00:00:56 (41 turns).

Zeld the Intangible (Djinni Monk)                     Turns: 41, Time: 00:00:57

Health: -14/174    AC:  2    Str: 16    XL:     19   Next: 83%
Gold:   0          EV: 29    Int: 13    God:    Makhleb [******] SH:  0 Dex: 17

rFire   + + .      SeeInvis .   h - +∞ Axe of Woe
rCold   x . .      Faith    .   (shield currently unavailable)
rNeg    . . .      Spirit   .   a - +0 robe
rPois   ∞          Reflect  .   (no helmet)
rElec   .          Harm     .   (no cloak)
rCorr   .          Rampage  .   (no gloves)
Will    +....      NoTele   +   (boots unavailable)
Stlth   ++++++....              (no amulet)
HPRegen 0.39/turn               (no ring)
MPRegen 0.00/turn               (no ring)

@: flying
A: sickness immunity, fire resistance 2, cold vulnerability 1, float, innate
caster, HP casting, extra vitality 1
a: Renounce Religion, Minor Destruction, Lesser Servant of Makhleb, Major
Destruction, Greater Servant of Makhleb


You were in the Dungeon.
You worshipped Makhleb.
Makhleb was exalted by your worship.
You visited 1 branch

Inventory:

Hand Weapons
 h - the +∞ Axe of Woe (weapon)
   (You found it in the Dungeon)
Armour
 a - a +0 robe (worn)
Scrolls
 g - a scroll of blinking
Potions
 b - a potion of ambrosia
 c - a potion of curing
 d - a potion of heal wounds
 e - a potion of haste
 f - a potion of berserk rage


   Skills:
 O Level 27 Fighting
 O Level 27 Axes
 O Level 27 Dodging
 + Level 14.1 Stealth
 O Level 27 Unarmed Combat
 * Level 22.3 Spellcasting


You had 25 spell levels left.
You knew the following spells:

 Your Spells              Type           Power      Damage    Failure   Level
a - Apportation           Tloc           100%       N/A       0%          1
b - Wereblood             Tmut           64%        N/A       0%          2
c - Vampiric Draining     Necr           64%        2d10      0%          3
d - Tukima's Dance        Hex            64%        N/A       0%          3
e - Passage of Golubria   Tloc           64%        N/A       0%          4
f - Freezing Cloud        Conj/Ice/Air   32%        6-21      0%          5
g - Summon Cactus Giant   Summ           32%        N/A       1%          6
h - Summon Hydra          Summ           32%        N/A       1%          7
i - Simulacrum            Ice/Necr       32%        N/A       1%          6
Your spell library was empty.

Dungeon Overview and Level Annotations

Branches:
Dungeon (1/1)

Altars:
Makhleb


Innate Abilities, Weirdness & Mutations

You are immune to sickness and miasma.
You are immune to poison.
Your flesh is very heat resistant. (rF++)
You are vulnerable to cold. (rC-)
You float through the air rather than walking.
You learn spells naturally, not from books.
Your magical power is your life essence.
You have superior vitality. (+4 MHP)


Message History

The meat berserker rages.
The meat berserker hits you with a +9 battleaxe!
The meat berserker hits your ogre simulacrum with a +9 battleaxe!!!
Your ogre simulacrum vaporises!
You hear a shout! x4; You hear two shouts!
Unknown command.
Unknown command.
You hit the meat berserker but do no damage.
You butcher the meat berserker messily.
You kill the meat berserker!
Makhleb accepts your kill.
You hear a shout! x2
Your ogre simulacrum is engulfed in blazing flames.
Your ogre simulacrum vaporises!
You hear a shout! x3
Your Stealth skill increases to level 14!
Your Spellcasting skill gained 3 levels and is now at level 22!
Unknown command.
Unknown command.
Unknown command.
You hear a shout! x5
A large bag of meat comes into view. It is wielding a +9 giant spiked club.
You hear a shout! x5
A destroyer comes into view. It is wielding a +9 vorpal great sword.
You hear a shout! x2
Unknown command.
You hear a shout! x4
A large bag of meat comes into view. It is wielding a +9 giant spiked club.
A meat berserker comes into view. It is wielding a +9 battleaxe.
The meat berserker hits you with a +9 battleaxe!!!
You hear a shout! x2
Items here: )) == †.
Unknown command.
Unknown command.
You are too injured to fight recklessly!
Unknown command.
Unknown command.
The meat berserker attacks as you move away!
The meat berserker hits you with a +9 battleaxe!!!!
You die...

.. ... #. ...#
#V. .z.# . .###..
...###..
......###.Z....
......._.......
....#.☼)).#.... .
#_)<)_# . #☼)))@#
...O.._.°O...V..
......###.....V..
.###.. O..###O..
#.. ...# .. #..
....# O. .....
......


You could see 3 destroyers, a sculptor of flesh (ally target), 2 large bags of
meat, 2 meat berserkers and a friendly ogre simulacrum.

Vanquished Creatures
  7 ogres (D)
  A two-headed ogre (D)
  A hydra (D)
  18 orcs (D)
  A skeletal warrior (D)
28 creatures vanquished.

Notes
Turn   | Place    | Note
-------+----------+-------------------------------------------
     0 | D        | Found the +∞ Axe of Woe
     0 | D        | Zeld the Djinni Monk began the quest for the Orb.
     0 | D        | Reached XP level 1. HP: 20/20 MP: 0/0
     1 | D        | Noticed a bag of meat
     4 | D        | Became a worshipper of Makhleb the Destroyer
     4 | D        | Reached * piety under Makhleb
     4 | D        | Reached ** piety under Makhleb
     5 | D        | Noticed a bag of meat
     5 | D        | Noticed a bag of meat
     5 | D        | Noticed a bag of meat
     6 | D        | Noticed a bag of meat
     6 | D        | Noticed a bag of meat
     6 | D        | Noticed a bag of meat
     7 | D        | Noticed a bag of meat
     8 | D        | Killed a bag of meat
     8 | D        | Noticed a meat berserker
     8 | D        | Noticed a bag of meat
     8 | D        | Noticed a bag of meat
     9 | D        | Reached skill level 5 in Stealth
     9 | D        | Reached XP level 2. HP: 42/42 MP: 0/0
     9 | D        | Reached XP level 3. HP: 48/48 MP: 0/0
     9 | D        | Learned a level 1 spell: Apportation
     9 | D        | Reached XP level 4. HP: 54/54 MP: 0/0
     9 | D        | Reached XP level 5. HP: 59/59 MP: 0/0
     9 | D        | Learned a level 2 spell: Wereblood
     9 | D        | Reached XP level 6. HP: 66/66 MP: 0/0
     9 | D        | Reached XP level 7. HP: 71/71 MP: 0/0
     9 | D        | Learned a level 3 spell: Vampiric Draining
     9 | D        | Reached XP level 8. HP: 77/77 MP: 0/0
     9 | D        | Reached XP level 9. HP: 83/83 MP: 0/0
     9 | D        | Learned a level 3 spell: Tukima's Dance
     9 | D        | Reached XP level 10. HP: 89/89 MP: 0/0
     9 | D        | Reached XP level 11. HP: 94/94 MP: 0/0
     9 | D        | Learned a level 4 spell: Passage of Golubria
     9 | D        | Killed a bag of meat
     9 | D        | Noticed a bag of meat
    10 | D        | Reached XP level 12. HP: 104/105 MP: 0/0
    10 | D        | Killed a bag of meat
    10 | D        | Killed a bag of meat
    10 | D        | Reached *** piety under Makhleb
    10 | D        | Killed a meat berserker
    10 | D        | Noticed a bag of meat
    10 | D        | Noticed a bag of meat
    11 | D        | Reached XP level 13. HP: 120/120 MP: 0/0
    11 | D        | Learned a level 5 spell: Freezing Cloud
    11 | D        | Reached XP level 14. HP: 126/126 MP: 0/0
    11 | D        | Killed a bag of meat
    11 | D        | Killed a bag of meat
    11 | D        | Reached **** piety under Makhleb
    11 | D        | Noticed a meat berserker
    12 | D        | Reached skill level 10 in Axes
    12 | D        | Reached XP level 15. HP: 109/135 MP: 0/0
    12 | D        | Learned a level 6 spell: Summon Cactus Giant
    12 | D        | Reached ***** piety under Makhleb
    12 | D        | Noticed a meat berserker
    12 | D        | Noticed a meat berserker
    13 | D        | Reached XP level 16. HP: 30/147 MP: 0/0
    13 | D        | Killed a meat berserker
    14 | D        | Reached skill level 27 in Dodging
    15 | D        | Killed a meat berserker
    16 | D        | Reached skill level 27 in Fighting
    16 | D        | Reached skill level 10 in Stealth
    16 | D        | Reached skill level 27 in Unarmed Combat
    16 | D        | Reached XP level 17. HP: 144/160 MP: 0/0
    16 | D        | Learned a level 7 spell: Summon Hydra
    17 | D        | Killed a meat berserker
    18 | D        | Reached XP level 18. HP: 167/167 MP: 0/0
    20 | D        | Reached ****** piety under Makhleb
    22 | D        | Noticed a large bag of meat
    26 | D        | Reached skill level 5 in Spellcasting
    26 | D        | Killed a large bag of meat
    26 | D        | Noticed a meat berserker
    27 | D        | Reached skill level 27 in Axes
    27 | D        | Noticed an eight-headed meat hydra
    27 | D        | Noticed a large bag of meat
    29 | D        | Noticed a meat berserker
    29 | D        | Noticed a sculptor of flesh
    31 | D        | HP: 6/167 [meat berserker/+9 battleaxe (71)]
    31 | D        | Noticed a meat berserker
    31 | D        | Noticed a destroyer
    32 | D        | Killed a meat berserker
    33 | D        | Reached skill level 15 in Spellcasting
    33 | D        | Reached XP level 19. HP: 74/174 MP: 0/0
    33 | D        | Learned a level 6 spell: Simulacrum
    33 | D        | Noticed an eight-headed meat hydra
    33 | D        | Noticed a destroyer
    34 | D        | Noticed a sculptor of flesh
    34 | D        | Killed a nine-headed meat hydra
    34 | D        | Killed a meat berserker
    34 | D        | Killed a sculptor of flesh
    35 | D        | Noticed a meat berserker
    38 | D        | Noticed a sculptor of flesh
    38 | D        | Killed a meat berserker
    39 | D        | Noticed a large bag of meat
    39 | D        | Noticed a destroyer
    40 | D        | Noticed a large bag of meat
    40 | D        | Noticed a meat berserker
    41 | D        | Noticed a destroyer
    41 | D        | Demolished by a meat berserker

Illustrated notes

Levels and vault maps discovered:
D:        meatsprint

Skill      XL: |  1  2  3  4  5  6  7  8  9 10 11 12 13 14 15 16 17 18 19 |
---------------+----------------------------------------------------------+-----
Fighting       | 14 16 20 21 24 27 | 27.0
Axes           | 3 4 8 10 13 19 23 27 | 27.0
Dodging        | 16 18 22 24 26 27 | 27.0
Stealth        | 5 6 8 9 10 11 13 14 | 14.1
Unarmed Combat | 14 16 20 21 23 27 | 27.0
Spellcasting   | 15 22 | 22.3

Action                   |  1- 3 |  4- 6 |  7- 9 | 10-12 | 13-15 | 16-18 | 19-21 || total
-------------------------+-------+-------+-------+-------+-------+-------+-------++-------
Melee: Executioner's axe |     1 |       |       |     2 |     2 |     9 |     2 ||    16
 Cast: Simulacrum        |       |       |       |       |       |       |     1 ||     1
Dodge: Dodged            |       |       |       |     1 |       |       |       ||     1

Table legend: (Time is in decaauts)
 A = Elapsed time spent in this place.
 B = Non-inter-level travel time spent in this place.
 C = Inter-level travel time spent in this place.
 D = Time resting spent in this place.
 E = Time spent auto-exploring this place.
 F = Levels seen in this place.
 G = Mean time per level.
                   A        B        C        D        E       F      G
               +--------+--------+--------+--------+--------+-----+--------+
         Total |     41 |     41 |      0 |      0 |      0 |   1 |   41.0 |
       Dungeon |     41 |     41 |      0 |      0 |      0 |   1 |   41.0 |
               +--------+--------+--------+--------+--------+-----+--------+

Top non-repeatable levels by time:
       D: 41 daAuts
